 Dungeon Crawl Stone Soup version 0.28.0 (webtiles) character file.

Game seed: 510294909381260774

1574 mumz776 the Covert (level 9, -1/54 HPs)
             Began as a Kobold Brigand on Feb 7, 2022.
             Slain by Maggie (14 damage)
             ... on level 6 of the Dungeon.
             The game lasted 00:29:23 (6445 turns).

mumz776 the Covert (Kobold Brigand)                 Turns: 6445, Time: 00:29:24

Health: -1/54      AC:  6    Str:  8    XL:     9   Next: 13%
Magic:  9/9        EV: 23    Int: 12    God:
Gold:   2002       SH:  0    Dex: 21    Spells: 8/8 levels left

rFire   + . .      SeeInvis .   l - +5 quick blade
rCold   + . .      Faith    .   (no shield)
rNeg    . . .      Spirit   .   b - +0 robe
rPois   .          Reflect  .   (no helmet)
rElec   .          Harm     .   o - scarf {rC+ rF+}
rCorr   .          Rampage  .   (no gloves)
Will    .....                   (no boots)
Stlth   ++++++....              (no amulet)
HPRegen 0.18/turn               j - +4 ring of protection
MPRegen 0.11/turn               a - +4 ring of evasion

@: no status effects
A: small, no large weapons, nightstalker 3
a: no special abilities


You were on level 6 of the Dungeon.
You visited 1 branch of the dungeon, and saw 6 of its levels.

You collected 2002 gold pieces.

Inventory:

Hand Weapons
 l - a +5 quick blade (weapon)
 u - the +10 hunting sling of the People {freeze, Will+ Str+4}
   (You found it on level 5 of the Dungeon)

   Any ammunition fired from it freezes those it strikes, dealing additional
   cold damage.
   It can also slow down cold-blooded creatures.
   Str:       It affects your strength (+4).
   Will:      It increases your willpower.
Missiles
 d - 7 poisoned darts (quivered)
 h - 8 boomerangs
 t - 3 throwing nets
 w - 43 stones
Armour
 b - a +0 robe (worn)
 o - a scarf of resistance (worn)
Magical Staves
 n - a staff of death
Jewellery
 a - a +4 ring of evasion (right hand)
 e - a +6 ring of dexterity
 j - a +4 ring of protection (left hand)
Scrolls
 k - 2 scrolls of fog
 p - a scroll of enchant weapon
 v - 5 scrolls of identify
Potions
 c - a potion of brilliance {unknown}
 f - 2 potions of curing {unknown}
 g - 3 potions of haste
 i - a potion of lignification {unknown}
 m - 2 potions of flight {unknown}
 q - a potion of cancellation {unknown}
 r - a potion of might {unknown}


   Skills:
 + Level 5.5 Fighting
 - Level 8.0 Short Blades
 - Level 2.3 Throwing
 + Level 6.7 Dodging
 * Level 9.5 Stealth


You had 8 spell levels left.
You didn't know any spells.
Your spell library contained the following spells:

 Spells                   Type           Power      Damage    Failure   Level
 Ensorcelled Hibernation  Hex/Ice        0%         N/A       45%         2
 Spider Form              Tmut/Pois      0%         N/A       69%         3
 Anguish                  Hex/Necr       0%         N/A       97%         4


Dungeon Overview and Level Annotations

Branches:
Dungeon (6/15)
 Temple: D:4-7

Altars:
Gozag

Annotations:
D:6 Maggie


Innate Abilities, Weirdness & Mutations

You are small and have problems with some larger weapons.
You are completely attuned to the shadows.


Message History

Maggie completely misses you. The ice beast barely misses you.
You hit Maggie but do no damage.
Maggie is moderately wounded.
You hit Maggie.
Maggie is heavily wounded.
You hit Maggie but do no damage.
Maggie is heavily wounded.
Maggie hits you with a +0 glaive!
You closely miss Maggie.
Maggie is heavily wounded.
The ice beast hits you but does no damage.
You hit Maggie but do no damage.
Maggie is heavily wounded.
You puncture Maggie!
Maggie is heavily wounded.
Maggie barely misses you.
You closely miss Maggie.
Maggie is heavily wounded.
The ice beast hits you. The ice beast freezes you. You resist.
You hit Maggie but do no damage.
Maggie is heavily wounded.
You barely miss Maggie.
Maggie is heavily wounded.
You hit Maggie but do no damage.
Maggie is heavily wounded.
Maggie barely misses you. The ice beast hits you. The ice beast freezes you.
You resist.
* * * LOW HITPOINT WARNING * * *
You closely miss Maggie.
Maggie is heavily wounded.
The black bear misses you. The black bear closely misses you.
The black bear claws you.
* * * LOW HITPOINT WARNING * * *
You hit Maggie but do no damage.
Maggie is heavily wounded.
You hit Maggie but do no damage.
Maggie is heavily wounded.
You break out of your daze.
Maggie hits you with a +0 glaive!
You die...

.# ## #..##. ###
......##.##### ##.≈≈≈
.....#...#...###..≈..
.#....#...........≈.≈
.#..............h.≈.≈
........#.......@Y≈.≈
.#......##......#@≈.≈
##..#....#.##<###.≈.≈
##.>#..........# .≈..
...............# ^≈≈≈
....... ......
....... #..#...
#..#...


You could see Maggie (poisoned), a black bear and an ice beast.

Vanquished Creatures
  A water moccasin (D:6)
  A black bear (D:4)
  An ice beast (D:5)
  A necrophage (D:5)
  4 ogres
  A phantom (D:6)
  A bullfrog (D:6)
  2 scorpions
  A gnoll sergeant (D:5)
  A bullfrog zombie (D:6)
  A jelly (D:6)
  A centaur skeleton (D:4)
  4 hounds (D:5)
  Jessica (D:2)
  2 orc wizards (D:4)
  A howler monkey skeleton (D:3)
  5 gnolls (D:5)
  9 adders
  A shadow imp (D:6)
  A white imp (D:6)
  An ufetubus (D:6)
  2 worms
  3 dart slugs
  8 orcs
  13 endoplasms
  5 giant cockroaches
  7 hobgoblins
  4 jackals (D:4)
  2 quokkas
  7 ball pythons
  4 bats
  4 frilled lizards
  18 goblins
  2 kobolds
  5 rats
125 creatures vanquished.

Notes
Turn   | Place    | Note
-------+----------+-------------------------------------------
     0 | D:1      | mumz776 the Kobold Brigand began the quest for the Orb.
     0 | D:1      | Reached XP level 1. HP: 12/12 MP: 1/1
   330 | D:1      | Reached XP level 2. HP: 8/17 MP: 2/2
  1216 | D:1      | Reached skill level 6 in Stealth
  1256 | D:1      | Reached XP level 3. HP: 20/22 MP: 3/3
  1475 | D:2      | Identified a scroll of acquirement
  1475 | D:2      | Acquired 507 gold pieces
  1894 | D:2      | Reached XP level 4. HP: 27/27 MP: 4/4
  1927 | D:2      | Noticed Jessica
  1931 | D:2      | Killed Jessica
  2245 | D:2      | Reached XP level 5. HP: 31/31 MP: 5/5
  2247 | D:2      | Reached skill level 7 in Stealth
  2318 | D:2      | Acquired 1212 gold pieces
  2324 | D:2      | Acquired a +4 quick blade
  2392 | D:2      | Found an opulent altar of Gozag.
  3116 | D:3      | Found a faded altar of an unknown god.
  3178 | D:3      | Noticed an ogre
  3501 | D:3      | Killed an ogre
  3502 | D:3      | Reached skill level 5 in Short Blades
  3502 | D:3      | Reached XP level 6. HP: 37/37 MP: 6/6
  3530 | D:4      | Noticed a black bear
  3533 | D:4      | Killed a black bear
  3639 | D:4      | Reached XP level 7. HP: 27/41 MP: 7/7
  4784 | D:5      | Entered Level 5 of the Dungeon
  5055 | D:5      | Reached XP level 8. HP: 48/48 MP: 8/8
  5402 | D:5      | Reached skill level 5 in Fighting
  5468 | D:5      | Reached skill level 5 in Dodging
  5714 | D:5      | Identified the +10 hunting sling of the People {freeze,
                  | Will+ Str+4}
  6155 | D:6      | Reached skill level 8 in Stealth
  6159 | D:6      | Reached XP level 9. HP: 54/54 MP: 9/9
  6347 | D:5      | Reached skill level 9 in Stealth
  6411 | D:6      | Noticed Maggie
  6445 | D:6      | Slain by Maggie

Illustrated notes

Levels and vault maps discovered:
D:1:      dpeg_arrival_line_fractal, layout_basic, chequers_serial_rivers_room_b
D:2:      layout_loops_ring, basic_altar, uniq_jessica
D:3:      layout_basic, chequers_ecumenical_altar_grove, minmay_ogre_servants
D:4:      layout_layer_cave, enter_ossuary_2
D:5:      layout_cave_pods
D:6:      layout_cave_pools, mainiacjoe_overflow_concentric_impassable,
          serial_shops, kennysheep_mini_moat, uniq_maggie

Skill      XL: |  1  2  3  4  5  6  7  8  9 |
---------------+----------------------------+-----
Short Blades   | 3 4 5 6 8 |  8.0
Stealth        | 6 7 8 9 |  9.5
Dodging        | 2 3 6 |  6.7
Fighting       | 3 4 5 |  5.5
Throwing       | |  2.3

Action                   |  1- 3 |  4- 6 |  7- 9 || total
-------------------------+-------+-------+-------++-------
Melee: Dagger            |    76 |    37 |       ||   113
       Quick blade       |       |    64 |   168 ||   232
       Punch             |       |     1 |     2 ||     3
Throw: Dart              |    12 |     9 |    31 ||    52
  Use: Scroll            |     1 |     8 |       ||     9
 Stab: Sleeping          |     8 |    22 |    16 ||    46
Armor: Robe              |    12 |    12 |     8 ||    32
Dodge: Dodged            |    40 |    25 |    81 ||   146
